 Dungeon Crawl Stone Soup version 0.31.0-9-g3a7656b989 (webtiles) character file.

Game seed: 13309181468312929696

298 qw the Skirmisher (level 6, -10/36 HPs)
             Began as a Deep Elf Hunter on Feb 2, 2024.
             Mangled by an iguana (12 damage)
             ... on level 3 of the Dungeon.
             The game lasted 00:00:10 (2998 turns).

qw the Skirmisher (Deep Elf Hunter)                 Turns: 2998, Time: 00:00:10

Health: -10/36     AC:  7    Str: 10    XL:     6   Next: 13%
Magic:  8/8        EV: 11    Int: 14    God:
Gold:   181        SH:  0    Dex: 18    Spells: 5/5 levels left

rFire   . . .        a - +0 shortbow
rCold   . . .        (shield currently unavailable)
rNeg    . . .        e - +0 ring mail
rPois   .            (no helmet)
rElec   .            (no cloak)
rCorr   .            (no gloves)
SInv    .            g - +1 pair of boots
Will    .....        (no amulet)
Stlth   +            (no ring)
HPRegen 0.26/turn    (no ring)
MPRegen 0.11/turn

%: no passive effects
@: hasted, very quick
A: no striking features
a: no special abilities


You were on level 3 of the Dungeon.
You visited 1 branch of the dungeon, and saw 4 of its levels.

You collected 181 gold pieces.


   Skills:
 - Level 2.6 Fighting
 + Level 9.2 Ranged Weapons
 - Level 2.4 Dodging
 - Level 1.2 Stealth


You had 5 spell levels left.
You didn't know any spells.
Your spell library was empty.

Inventory:

Hand Weapons
 a - a +0 shortbow (weapon)
Armour
 e - a +0 ring mail (worn)
 g - a +1 pair of boots (worn)
Potions
 c - a potion of enlightenment
 j - a potion of curing

Dungeon Overview and Level Annotations

Branches:
Dungeon (4/15)
 Temple: D:4-7

Altars:
Trog
Uskayaw
Xom
The Shining One

Annotations:
D:3 Menkaure


Message History

The arrow hits the hound but does no damage.
The hound is severely wounded.
The hound closely misses you. The hound bites you.
You shoot an arrow. The arrow hits the hound.
The hound is almost dead.
The hound barely misses you.
You shoot an arrow. The arrow hits the hound!
You kill the hound!
You start resting.
HP restored.
You climb downwards.
You hear the sound of rushing water.
There is an entrance to a sewer on this level.
Hurry and find it before the portal rusts away!
Level annotation: Menkaure The iguana barely misses you.
The kobold throws a stone.
The stone barely misses you.
There is a stone staircase leading up here.
2992 ||| STAIRDANCE You climb upwards.
There is a stone staircase leading down, spattered with blood here.
You shoot an arrow. The arrow hits Menkaure!
Menkaure is moderately damaged.
The iguana bites you!
Menkaure casts a spell.
Menkaure seems to speed up.
You shoot an arrow. The arrow closely misses Menkaure.
The iguana closely misses you. Menkaure hits you!!
Ouch! That really hurt!
You shoot an arrow.
The arrow hits Menkaure but does no damage.
Menkaure is moderately damaged.
You shoot an arrow. The arrow hits Menkaure!
Menkaure is severely damaged.
Menkaure closely misses you.
The iguana bites you but does no damage.
You shoot an arrow. The arrow hits Menkaure.
Menkaure is almost destroyed.
Menkaure calls on the powers of darkness!
You feel a surge of unholy energy.
The iguana convulses!
The iguana bites you!
You die...

#..... # ########
#############.#### # ##......#
#..............##.
#####...###.####.######..#?...##.
..................)...........#..
#####...###.####.##.###.........#
##......# #.##.###..........
#.###### #.M.......#.)..### #.#
#@#...##.......# ##+##
#l#...##.###.### ##...##
#[##.###.# #.##### ##.....##
#........# #..)... ###.......##
##.##.##### ###....
...........####.......#######...#
...........'.....................
#..........####.......#####......
#.#.......## ##......# #.#..##


You could see Menkaure (fast) and an iguana.

Vanquished Creatures
  A phantom (D:3)
  A scorpion (D:3)
  2 hounds (D:3)
  2 adders
  A dart slug (D:3)
  A ribbon worm (D:3)
  An orc (D:3)
  10 ball pythons
  6 endoplasms
  5 giant cockroaches
  10 hobgoblins
  4 jackals (D:1)
  6 kobolds
  4 quokkas
  7 bats
  4 frilled lizards
  7 goblins
  12 rats
84 creatures vanquished.

Notes
Turn   | Place    | Note
-------+----------+-------------------------------------------
     0 | D:1      | qw the Deep Elf Hunter began the quest for the Orb.
     0 | D:1      | Reached XP level 1. HP: 12/12 MP: 3/3
     0 | D:1      | 0 ||| qw: Version: 0.3-a-155-g5e7d8dd
     0 | D:1      | 0 ||| qw: Game counter: 539
     0 | D:1      | 0 ||| qw: Melee chars always use a shield: true
     0 | D:1      | 0 ||| qw: God list: Okawaru
     0 | D:1      | 0 ||| qw: Allow faded altars: false
     0 | D:1      | 0 ||| qw: Do Orc after clearing Dungeon:15 true
     0 | D:1      | 0 ||| qw: Do second Lair branch before Depths: true
     0 | D:1      | 0 ||| qw: Lair rune preference: random
     0 | D:1      | 0 ||| qw: Goals: Normal
     0 | D:1      | 0 ||| PLANNING D:1-11
    66 | D:1      | Found a faded altar of an unknown god.
   126 | D:1      | Reached XP level 2. HP: 16/16 MP: 4/4
   132 | D:1      | Reached skill level 6 in Ranged Weapons
   467 | D:1      | Reached XP level 3. HP: 20/20 MP: 5/5
   638 | D:1      | 638 ||| UPGRADING to +0 ring mail.
   648 | D:1      | 648 ||| DROPPING +0 leather armour.
   649 | D:1      | 649 ||| UPGRADING to +0 pair of boots.
   654 | D:1      | 654 ||| READING scroll labelled UHIXTU YSKORIEMYL.
   654 | D:1      | 654 ||| IDENTIFYING scroll labelled XIGABA PIMI
   655 | D:1      | 655 ||| DROPPING scroll of butterflies.
   656 | D:1      | 656 ||| DROPPING scroll of fear.
   704 | D:2      | Reached skill level 7 in Ranged Weapons
  1126 | D:2      | Reached XP level 4. HP: 25/25 MP: 6/6
  1467 | D:2      | 1467 ||| DROPPING ring of flight.
  1468 | D:2      | 1468 ||| READING scroll labelled TAILYFOUXE.
  1469 | D:2      | 1469 ||| READING scroll labelled TEUKAYLENAD.
  1672 | D:3      | Noticed a scorpion
  1676 | D:3      | Killed a scorpion
  1677 | D:3      | Reached skill level 8 in Ranged Weapons
  1940 | D:3      | Reached XP level 5. HP: 29/29 MP: 7/7
  2142 | D:3      | Found a hide-covered altar of Uskayaw.
  2284 | D:3      | Found a bloodstained altar of Trog.
  2284 | D:3      | Found a shimmering altar of Xom.
  2531 | D:3      | Reached skill level 9 in Ranged Weapons
  2724 | D:3      | Found a glowing golden altar of the Shining One.
  2852 | D:3      | 2852 ||| READING scroll of identify.
  2852 | D:3      | 2852 ||| IDENTIFYING murky amethyst potion
  2853 | D:3      | 2853 ||| READING scroll labelled KUIKIO QOCE.
  2854 | D:3      | 2854 ||| READING scroll labelled EDUTOO PUPTOFI.
  2854 | D:3      | 2854 ||| ENCHANTING +0 pair of boots.
  2855 | D:3      | 2855 ||| DRINKING 2 clear potions.
  2856 | D:3      | 2856 ||| DRINKING 2 fizzy blue potions.
  2927 | D:3      | 2927 ||| DRINKING 2 coppery potions.
  2928 | D:3      | 2928 ||| DROPPING potion of lignification.
  2957 | D:4      | Noticed a phantom
  2958 | D:4      | 2958 ||| PLANNING SEWER
  2958 | D:4      | 2958 ||| DRINKING potion of haste.
  2959 | D:4      | Noticed Menkaure
  2963 | D:4      | 2963 ||| STAIRDANCE
  2968 | D:3      | Killed a phantom
  2969 | D:3      | Reached XP level 6. HP: 36/36 MP: 8/8
  2972 | D:4      | 2972 ||| STAIRDANCE
  2992 | D:4      | 2992 ||| STAIRDANCE
  2995 | D:3      | HP: 2/36 [Menkaure (22)]
  2998 | D:3      | Mangled by an iguana

Levels and vault maps discovered:
D:1:      dpeg_arrival_ratfight, layout_loops_cross,
          chequers_ecumenical_altar_island
D:2:      layout_basic
D:3:      layout_loops_corners, tso_altar, nicolae_overflow_two_pavilions,
          old_standard_altar, grunt_decor_clamped, nrook_mini_vaults,
          kennysheep_generic_room_3
D:4:      layout_rooms, hangedman_ru_absence, minmay_temple_entry_overgrown,
          cheibrodos_sewer_entry_drain, dk_noncrumbling_2, minivault_19,
          uniq_menkaure

Skill      XL: |  1  2  3  4  5 |
---------------+----------------+-----
Ranged Weapons | 6 7 8 9 |  9.2
Fighting       | 2 |  2.6
Dodging        | |  2.4
Stealth        | |  1.2

Action                     |  1- 3 |  4- 6 || total
---------------------------+-------+-------++-------
   Fire: Shortbow          |   119 |    95 ||   214
    Use: Scroll            |     1 |     5 ||     6
         Potion            |       |     4 ||     4
 Armour: Leather armour    |    28 |       ||    28
         Ring mail         |     7 |    33 ||    40
  Dodge: Dodged            |    26 |    29 ||    55

Table legend:
 A = Non-vault XP
 B = Vault XP
 C = Vault XP percentage of total XP
 D = Non-vault monster count
 E = Vault monster count
 F = Vault count percentage of total count
                 A         B        C        D         E       F
            +---------+---------+-------+---------+---------+-------
      Total |     418 |       8 |   1.9 |      77 |       7 |   8.3
            +---------+---------+-------+---------+---------+-------
        D:1 |      48 |       5 |   9.4 |      30 |       5 |  14.3
        D:2 |      46 |       0 |   0.0 |      21 |       0 |   0.0
        D:3 |     322 |       3 |   0.9 |      25 |       2 |   7.4
        D:4 |       2 |       0 |   0.0 |       1 |       0 |   0.0
            +---------+---------+-------+---------+---------+-------
